 Dungeon Crawl Stone Soup version 0.28.0-62-gf88900778d (webtiles) character file.

Game seed: 5520992856906078675

7604 jjjjhere the Spear-Bearer (level 10, -10/63 HPs)
             Began as a Demonspawn Gladiator on Mar 19, 2023.
             Was a Believer of Hepliaklqana.
             Mangled by a two-headed ogre
             ... wielding a +0 dire flail
              (26 damage)
             ... on level 10 of the Dungeon.
             The game lasted 00:15:59 (11126 turns).

jjjjhere the Spear-Bearer (Demonspawn Gladiator)   Turns: 11126, Time: 00:16:00

Health: -10/63     AC: 10    Str: 21    XL:     10   Next: 98%
Magic:  12/12      EV: 12    Int: 13    God:    Hepliaklqana [**....]
Gold:   625        SH:  0    Dex: 26    Spells: 9/9 levels left

rFire   . . .      SeeInvis .   u - +7 spear of Carved Conscience {vorpal, Will+ Str+2 Dex+5}
rCold   . . .      Faith    .   (no shield)
rNeg    . . .      Spirit   .   f - +0 scale mail
rPois   .          Reflect  .   (helmet restricted)
rElec   .          Harm     .   v - +0 cloak
rCorr   .          Rampage  .   y - +1 pair of gloves
Will    ++...                   A - +0 pair of boots
Stlth   +.........              t - amulet of the acrobat
HPRegen 0.20/turn               H - +6 ring of dexterity
MPRegen 0.13/turn               L - ring of willpower

@: no status effects
A: reduced essence, horns 1, demonic guardian 2, spiny 1, big brain 2
a: Renounce Religion, Recall Ancestor, Ancestor Identity


You were on level 10 of the Dungeon.
You worshipped Hepliaklqana.
Hepliaklqana was pleased with you.
You visited 1 branch of the dungeon, and saw 10 of its levels.
You also visited: Ossuary.

You collected 625 gold pieces.

Inventory:

Hand Weapons
 a - a +0 flail
 k - the +3 hand axe of Governance {vorpal, rF+}
   (You found it on level 5 of the Dungeon)

   It inflicts extra damage upon your enemies.
   rF:        It protects you from fire.
 u - the +7 spear of Carved Conscience (weapon) {vorpal, Will+ Str+2 Dex+5}
   (You found it on level 4 of the Dungeon)

   It inflicts extra damage upon your enemies.
   Str:       It affects your strength (+2).
   Dex:       It affects your dexterity (+5).
   Will:      It increases your willpower.
 E - a +4 dire flail
Missiles
 d - 6 throwing nets
 g - 43 poisoned darts
 p - 9 boomerangs
 R - an atropa-tipped dart (quivered)
Armour
 b - a +0 leather armour
 c - a +0 helmet
 f - a +0 scale mail (worn)
 v - a +0 cloak (worn)
 y - a +1 pair of gloves (worn)
 A - a +0 pair of boots (worn)
Jewellery
 t - an amulet of the acrobat (around neck)
 F - a ring of fire
 H - a +6 ring of dexterity (left hand)
 L - a ring of willpower (right hand)
Wands
 r - a wand of paralysis (15)
 s - a wand of polymorph (5)
 x - a wand of flame (45)
 G - a wand of digging (5)
 I - a wand of iceblast (8)
 M - a wand of acid (2)
 O - a wand of charming (4)
Scrolls
 h - 2 scrolls of teleportation
 n - 3 scrolls of fear
 q - 3 scrolls of blinking
 K - 2 scrolls of holy word {unknown}
 P - a scroll of noise {unknown}
 Q - a scroll of enchant armour {unknown}
Potions
 e - 6 potions of flight
 i - 4 potions of mutation
 j - 2 potions of cancellation
 l - 3 potions of might {unknown}
 o - a potion of heal wounds {unknown}
 w - a potion of degeneration {unknown}
 z - 4 potions of haste
 B - 2 potions of attraction
 C - 5 potions of curing
 D - a potion of brilliance {unknown}
 J - a potion of lignification
 N - a potion of resistance {unknown}


   Skills:
 + Level 3.3 Fighting
 - Level 10.0(12.2) Axes
 - Level 5.0(8.1) Maces & Flails
 - Level 10.2(12.0) Polearms
 - Level 1.7 Throwing
 + Level 2.2 Armour
 - Level 2.6 Dodging
 + Level 3.2 Invocations


You had 9 spell levels left.
You didn't know any spells.
Your spell library contained the following spells:

 Spells                   Type           Power      Damage    Failure   Level
 Blink                    Tloc           0%         N/A       78%         2
 Call Canine Familiar     Summ           0%         N/A       95%         3
 Dazzling Flash           Conj/Hex       0%         N/A       95%         3
 Inner Flame              Hex/Fire       0%         N/A       95%         3
 Lesser Beckoning         Tloc           0%         N/A       95%         3
 Portal Projectile        Hex/Tloc       0%         N/A       95%         3
 Tukima's Dance           Hex            0%         N/A       95%         3
 Cause Fear               Hex            0%         N/A       100%        4
 Leda's Liquefaction      Hex/Erth       0%         N/A       100%        4
 Passage of Golubria      Tloc           0%         N/A       100%        4
 Agony                    Necr           0%         N/A       100%        5
 Alistair's Intoxication  Tmut/Pois      0%         N/A       100%        5
 Borgnjor's Vile Clutch   Necr/Erth      0%         N/A       100%        5
 Manifold Assault         Tloc           0%         N/A       100%        5
 Silence                  Hex/Air        0%         N/A       100%        5
 Yara's Violent Unravell  Hex/Tmut       0%         3d3       100%        5
 Eringya's Noxious Bog    Tmut/Pois      0%         N/A       100%        6
 Discord                  Hex            0%         N/A       100%        8


Dungeon Overview and Level Annotations

Branches:
Dungeon (10/15)            Temple (0/1) D:6         Ossuary (visited)
   Lair: D:8-11         Orc: D:9-12

Altars:
Ashenzari
Hepliaklqana
Makhleb
Wu Jian
Xom
The Shining One

Shops:
D:8 ?

Annotations:
D:4 2 transporters, Zeld's ghost, amateur OgFE
D:7 1 runed translucent door, Crazy Yiuf


Innate Abilities, Weirdness & Mutations

Your life essence is reduced to manifest your ancestor. (-10% HP)
You have a pair of small horns on your head.
A demonic guardian rushes to your aid.
You are partially covered in sharp spines.
You have an extremely huge brain. (Int +4)


Message History

The atropa-tipped dart barely misses the two-headed ogre.
The two-headed ogre closely misses you.
The two-headed ogre hits you with a +0 giant spiked club!
Throw: 2 darts (atropa)
Press: ? - help, Q - select action, (/) - cycle Shift-Dir - straight line, f/p - two-headed ogre
Aim: a two-headed ogre, wielding a +0 dire flail and a +0 giant spiked club (79% to hit, chance to blind on hit: 3%)
You throw an atropa-tipped dart.
The atropa-tipped dart hits the two-headed ogre.
The two-headed ogre resists.
Caliana gestures at the electric eel while chanting.
The electric eel seems to slow down.
The two-headed ogre is struck by your spines.
The two-headed ogre hits you with a +0 dire flail!!
The two-headed ogre hits you but does no damage.
Caliana barely misses the electric eel.
Caliana closely misses the electric eel.
Caliana points at the electric eel and mumbles some strange words.
The electric eel appears confused.
Caliana points at the electric eel and mumbles some strange words.
The electric eel seems to slow down.
There is a stone staircase leading up, spattered with blood here.
Things that are here:
a +0 dire flail; a +0 giant club
Things that are here:
9 arrows; a +0 shortbow; a centaur skeleton The electric eel shoots out a bolt of lightning at you!
The bolt of electricity hits you!
* * * LOW HITPOINT WARNING * * *
Caliana hits the two-headed ogre with a +0 dagger of draining!
Caliana drains the two-headed ogre.
Caliana hits the two-headed ogre with a +0 dagger of draining.
Caliana drains the two-headed ogre.
You strike the helpless two-headed ogre from behind!
You hit the two-headed ogre.
Your headbutt misses the two-headed ogre.
The two-headed ogre is heavily wounded.
The two-headed ogre is struck by your spines.
The two-headed ogre closely misses you.
The two-headed ogre hits you with a +0 giant spiked club!!
You die...

≈≈≈≈≈≈≈ ≈≈. ..
≈≈≈≈≈≈≈###≈##...
.≈≈≈≈≈..#(.##.###
≈≈≈≈≈....(.......
≈≈≈≈≈≈..#..##..##
≈≈≈≈≈.#....##..# ...≈.
#....##..# ....
#......R.#
...####..<.@O..#
..........####.########
# .####......((((..^...
###..###.##..$≈≈# ##+#
#.# .[S≈≈ ... .≈≈≈
..... S≈≈ ..(...≈ ≈≈
#.##.≈≈≈≈ ≈


You could see the friendly Caliana the hexer and a two-headed ogre (drained,
ally target).

Vanquished Creatures
  Harold (D:7)
  A two-headed ogre (D:10)
  Pikel (D:5)
  Prince Ribbit (D:9)
  5 yaks
  A wyvern (D:6)
  A steam dragon (D:7)
  Edmund (D:6)
  3 water moccasins
  2 black bears
  3 ice beasts
  A sky beast (D:6)
  A hornet zombie (D:6)
  A necrophage (D:8)
  An ogre (D:6)
  2 centaurs
  2 kobold brigands (D:9)
  2 bullfrogs
  A scorpion (D:6)
  A wyvern zombie (D:9)
  5 water moccasin zombies (Ossuary)
  A killer bee (D:9)
  A water moccasin skeleton (D:5)
  A howler monkey (D:9)
  8 wights
  2 bullfrog zombies
  A hound (D:7)
  3 orc priests
  2 bullfrog skeletons
  2 iguanas (D:4)
  2 orc wizards
  A killer bee zombie (D:7)
  2 mummies (Ossuary)
  A howler monkey zombie (D:10)
  8 gnolls
  A howler monkey skeleton (D:4)
  6 adders
  An ufetubus (D:5)
  4 adder zombies (Ossuary)
  A worm (D:2)
  A dart slug (D:1)
  5 orcs
  7 endoplasms
  2 giant cockroaches
  A gnoll zombie (Ossuary)
  7 goblins
  6 hobgoblins
  7 jackals
  11 kobolds
  3 quokkas
  4 ball pythons
  6 bats
  2 frilled lizards
  8 hobgoblin zombies (Ossuary)
  2 kobold zombies (Ossuary)
  6 orc zombies (Ossuary)
  3 rats
166 creatures vanquished.

Vanquished Creatures (collateral kills)
  An ugly thing (D:8)
  5 yaks
  An orc warrior (D:7)
  A scorpion (D:7)
  2 bullfrogs (D:9)
  3 killer bees (D:9)
  3 wights (D:8)
  An orc wizard (D:7)
  A gnoll (D:1)
  A white imp (D:6)
  8 orcs
  2 kobolds (D:9)
29 creatures vanquished.

Vanquished Creatures (others)
  2 hexers
  An ancestor (D:7)
  An orc (D:6)
4 creatures vanquished.

Grand Total: 199 creatures vanquished

Notes
Turn   | Place    | Note
-------+----------+-------------------------------------------
     0 | D:1      | jjjjhere the Demonspawn Gladiator began the quest for the
                  | Orb.
     0 | D:1      | Reached XP level 1. HP: 16/16 MP: 1/1
   101 | D:1      | Gained mutation: You have an unusually large brain. (Int
                  | +2) [demonic ancestry]
   101 | D:1      | Reached XP level 2. HP: 18/22 MP: 2/2
   754 | D:1      | Gained mutation: A weak demonic guardian rushes to your
                  | aid. [demonic ancestry]
   754 | D:1      | Reached XP level 3. HP: 26/27 MP: 3/3
  1778 | D:2      | Found a faded altar of an unknown god.
  1857 | D:2      | Reached XP level 4. HP: 23/33 MP: 4/4
  2935 | D:3      | Found an ornate altar of the Wu Jian Council.
  2966 | D:3      | Reached skill level 5 in Maces & Flails
  3050 | D:3      | Found a shimmering altar of Xom.
  3535 | D:4      | Found a transporter.
  3539 | D:4      | Noticed Zeld's ghost (amateur OgFE)
  3561 | D:4      | Found a transporter.
  3773 | D:4      | Identified the +7 spear of Carved Conscience {vorpal, Will+
                  | Str+2 Dex+5}
  4192 | D:4      | Reached XP level 5. HP: 38/38 MP: 5/5
  4212 | D:4      | Reached skill level 1 in Axes
  4314 | D:4      | Noticed a black bear
  4324 | D:4      | Killed a black bear
  4325 | D:4      | Gained mutation: You have an extremely huge brain. (Int +4)
                  | [demonic ancestry]
  4325 | D:4      | Reached XP level 6. HP: 35/44 MP: 6/6
  4598 | D:5      | Entered Level 5 of the Dungeon
  4670 | D:5      | Found a broken altar of Ashenzari.
  4788 | D:5      | Found a sand-covered staircase.
  4793 | Ossuary  | Entered an ossuary
  4867 | Ossuary  | HP: 14/44 [water moccasin zombie (6)]
  4872 | Ossuary  | HP: 14/44 [water moccasin zombie (1)]
  4878 | Ossuary  | HP: 11/44 [water moccasin zombie (3)]
  4882 | Ossuary  | Reached skill level 5 in Axes
  4882 | Ossuary  | Gained mutation: You have a pair of small horns on your
                  | head. [demonic ancestry]
  4882 | Ossuary  | Reached XP level 7. HP: 13/50 MP: 7/7
  5623 | D:5      | Identified the +3 hand axe of Governance {vorpal, rF+}
  5671 | D:5      | Found a hazy altar of Hepliaklqana.
  5693 | D:5      | Became a worshipper of Hepliaklqana the Forgotten
  6177 | D:6      | Gained mutation: A demonic guardian rushes to your aid.
                  | [demonic ancestry]
  6177 | D:6      | Reached XP level 8. HP: 56/56 MP: 8/8
  6187 | D:6      | Noticed Edmund
  6194 | D:6      | Killed Edmund
  6286 | D:6      | Noticed Pikel
  6317 | D:5      | Killed Pikel
  6530 | D:6      | Found a staircase to the Ecumenical Temple.
  6802 | D:6      | Reached * piety under Hepliaklqana
  6987 | D:6      | Gained mutation: You are partially covered in sharp spines.
                  | [demonic ancestry]
  6987 | D:6      | Reached XP level 9. HP: 54/54 MP: 9/9
  7326 | D:6      | Reached skill level 10 in Axes
  7483 | D:7      | Reached skill level 1 in Polearms
  7829 | D:7      | Found a runed translucent door.
  7830 | D:7      | Noticed Crazy Yiuf
  8413 | D:7      | Reached ** piety under Hepliaklqana
  8414 | D:7      | Remembered your ancestor Caliana as a hexer
  8671 | D:7      | Noticed Harold
  8679 | D:7      | Killed Harold
  8833 | D:7      | Found a burning altar of Makhleb.
  9069 | D:8      | Noticed a red ugly thing
  9078 | D:8      | Killed a red ugly thing
  9311 | D:8      | Reached XP level 10. HP: 60/60 MP: 10/10
  9868 | D:8      | Found Oxoyz's Magic Scroll Boutique.
 10246 | D:9      | Reached skill level 10 in Polearms
 10387 | D:9      | Reached skill level 1 in Invocations
 10481 | D:9      | Reached skill level 1 in Armour
 10523 | D:9      | Noticed Prince Ribbit
 10539 | D:9      | Killed Prince Ribbit
 10805 | D:10     | Entered Level 10 of the Dungeon
 10810 | D:10     | Noticed a two-headed ogre
 10842 | D:10     | HP: 14/62 [two-headed ogre/+0 giant club (20)]
 10843 | D:10     | Killed a two-headed ogre
 11106 | D:10     | Noticed a two-headed ogre
 11122 | D:10     | HP: 16/63 [electric eel/bolt of electricity (11)]
 11126 | D:10     | Mangled by a two-headed ogre

Illustrated notes

Levels and vault maps discovered:
D:1:      evilmike_arrival_hilbert_curve, layout_basic,
          minmay_misc_feat_secret_circle, dk_noncrumbling_4, minmay_unequal
D:2:      layout_basic, basic_ecumenical_altar
D:3:      layout_basic, nicolae_wu_jian_wuxing_cycle,
          mainiacjoe_overflow_alcove_1
D:4:      black_bear_nest_1, layout_gridville, gammafunk_ghost_stat_death,
          minivault_4
D:5:      layout_loops_ring, lemuel_doored_altar, ashenzari_altar_1,
          enter_ossuary_2
D:6:      layout_gridville, nicolae_tso_swordbearing_angel,
          minmay_temple_entry_statues_pillars, minmay_strange_pillars,
          uniq_pikel, uniq_edmund
D:7:      layout_loops_ring, makhleb_heckhound_becter,
          hangedman_decor_peaks_small, uniq_harold, uniq_crazy_yiuf_cottage
D:8:      layout_basic, serial_shops, shop
D:9:      layout_rooms, uniq_prince_ribbit1
D:10:     nzn_winding_woodlands_cross [nzn_winding_woodlands_5x15_parted,
          nzn_winding_woodlands_5x15_twine,
          nzn_winding_woodlands_5x15_longhouse,
          nzn_winding_woodlands_5x15_crooked,
          nzn_winding_woodlands_15x15_eel_pit], layout_basic, enter_bailey_5

Skill      XL: |  1  2  3  4  5  6  7  8  9 10 |
---------------+-------------------------------+-----
Maces & Flails | 3 4 5 |  5.0
Axes           | 3 5 7 9 10 | 10.0
Polearms       | 7 10 | 10.2
Invocations    | 3 |  3.2
Armour         | 2 |  2.2
Fighting       | 3 |  3.3
Throwing       | |  1.7
Dodging        | |  2.6

Action                   |  1- 3 |  4- 6 |  7- 9 | 10-12 || total
-------------------------+-------+-------+-------+-------++-------
Melee: Flail             |   107 |    65 |       |       ||   172
       Punch             |     1 |     2 |     1 |     4 ||     8
       Spear             |       |    94 |   199 |   147 ||   440
       Headbutt          |       |       |    34 |    21 ||    55
Throw: Dart              |     2 |     8 |     3 |     5 ||    18
Invok: Ancestor Life: He |       |       |     1 |       ||     1
       Recall Ancestor   |       |       |       |     1 ||     1
  Use: Scroll            |       |       |    13 |     1 ||    14
 Stab: Confused          |       |       |     2 |     1 ||     3
       Distracted        |       |       |       |     4 ||     4
Armor: Leather armour    |    14 |       |       |       ||    14
       Scale mail        |    45 |    57 |    39 |    25 ||   166
Dodge: Dodged            |    75 |    75 |    53 |    44 ||   247
